 Dungeon Crawl Stone Soup version 0.14-a0-2986-gd1872aa (webtiles) character file.

365 Psiweapon the Insei (level 5, 0/27 HPs)
             Began as a Vine Stalker Monk on Mar 6, 2014.
             Was a Priest of Kikubaaqudgha.
             Succumbed to an orc wizard's poison
             ... on Level 4 of the Dungeon.
             The game lasted 00:17:50 (2399 turns).

Psiweapon the Insei (Vine Stalker Monk)             Turns: 2399, Time: 00:17:50

HP   0/27        AC  3     Str 13      XL: 5   Next: 88%
MP   3/7         EV 13     Int 11      God: Kikubaaqudgha [***...]
Gold 154         SH  0     Dex 17      Spells:  1 memorised,  3 levels left

rFire  . . .     SeeInvis .       - Unarmed
rCold  + . .     Clarity  .     a - +0 robe
rNeg   . . .     Conserve .     (no shield)
rPois  .         rCorr    +     (no helmet)
rElec  .         rRot     +     (no cloak)
SustAb . .       Spirit   +     (no gloves)
rMut   .         Warding  .     l - +0 pair of boots
Saprov . . .     Stasis   .     s - amulet of resist corrosion
MR     .....                    (no ring)
                                D - ring of protection from cold

@: quite poisoned, not resistant to hostile enchantments, fairly stealthy
A: fangs 2, regeneration 1, magic shield, antimagic bite, no device heal
a: Receive Corpses, Renounce Religion


You were on level 4 of the Dungeon.
You worshipped Kikubaaqudgha.
Kikubaaqudgha was most pleased with you.
You were not hungry.

You visited 1 branch of the dungeon, and saw 4 of its levels.

You collected 154 gold pieces.

Inventory:

Hand weapons
 k - a +2,+2 hand axe of electrocution
 v - a +0 blowgun
Missiles
 e - a throwing net
 w - 14 darts of flame (quivered)
 y - 5 poisoned needles
 A - 13 bolts
Armour
 a - a +0 robe (worn)
 l - a +0 pair of boots (worn)
Comestibles
 b - 2 bread rations
 m - an apple
 r - an apricot
 z - a beef jerky
 C - 2 chunks of quokka flesh
 I - a pear
Scrolls
 c - 4 scrolls of immolation {unknown}
 f - a scroll of noise {unknown}
 h - 3 scrolls of fear {unknown}
 i - a scroll of remove curse {unknown}
 n - 2 scrolls of teleportation {unknown}
 o - a scroll of recharging {unknown}
 p - a scroll of amnesia {unknown}
 u - a scroll of fog {unknown}
 x - a scroll of enchant armour {unknown}
Jewellery
 q - an uncursed amulet of faith
 s - an amulet of resist corrosion (around neck)
 B - an uncursed amulet of guardian spirit
 D - a ring of protection from cold (left hand)
Potions
 d - 2 potions of curing
 g - 2 potions of lignification
 H - a potion of berserk rage
Books
 j - Kikubaaqudgha's Disquisition on Black Secrets
   (Kikubaaqudgha gifted it to you on level 3 of the Dungeon)

   Spells                             Type                      Level
   Animate Dead                       Necromancy                   4
   Agony                              Necromancy                   5
   Dispel Undead                      Necromancy                   5
   Twisted Resurrection               Necromancy                   5
   Death Channel                      Necromancy                   6
 t - Kikubaaqudgha's Tome of Evil
   (Kikubaaqudgha gifted it to you on level 2 of the Dungeon)

   Spells                             Type                      Level
   *Animate Skeleton                  Necromancy                   1
   Lethal Infusion                    Charms/Necromancy            2
   Sublimation of Blood               Necromancy                   2
   Regeneration                       Charms/Necromancy            3
   Control Undead                     Necromancy                   4


   Skills:
 - Level 2.6 Fighting
 - Level 2.4 Dodging
 - Level 2.4 Stealth
 - Level 5.6 Unarmed Combat
 + Level 3.7 Necromancy


You had 3 spell levels left.
You knew the following spells:

 Your Spells              Type           Power        Failure   Level  Hunger
a - Animate Skeleton      Necr           N/A          10%         1    ##.....


Dungeon Overview and Level Annotations

Branches:
Dungeon (4/16)
 Temple: D:4-7

Altars:
Elyvilon
Kikubaaqudgha
Okawaru


Innate Abilities, Weirdness & Mutations

You have extremely sharp teeth.
Your natural rate of healing is unusually fast.
When hurt, damage is shared between your health and your magic reserves.
Your bite disrupts and absorbs the magic of your enemies.
Potions and wands cannot restore your HP.


Message History

Something hits your bat skeleton.
Your bat skeleton is destroyed!
The orc shouts!
Something hits you.
You are poisoned.
You see here a club.
You hit something but do no damage. Something hits you.
You are more poisoned.
Your quokka skeleton closely misses something.
You hit something. Your bite misses something.
You feel sick. Something hits you!
You punch something! You bite something. You drain its magic.
You feel invigorated.
You feel sick.
Your quokka skeleton bites something.
You hear some strange, mumbled words.
The magic dart hits you!
* * * LOW HITPOINT WARNING * * *
You barely miss something. You bite something. You drain its magic.
You feel invigorated.
You die...
Kikubaaqudgha rasps: "You have failed me!
Welcome... death!"

..#.#.....z....#
#.......#.######
..#.##########.#
###.#........... ..#.#
#.# #.#.#...##.###
..#.#.########.#
#.#.###.#.....
..#.#..........###.#.#.#
#.######
.##.#########..#.#.#.#.#
#.#
..#........##..#o..#.#.#
#.#
..########.##..#%###.#.#
#.# #. #.#...z@....#.#
#.# #.###########.###.#
#...).............#
#############.######.#
#.z......# ##########


You could see an orc and a friendly quokka skeleton.

Vanquished Creatures
  An orc wizard (D:3)
  A scorpion (D:4)
  4 adders
  2 worms (D:2)
  An orc skeleton (D:3)
  9 giant geckos
  8 orcs
  2 ball pythons
  9 giant cockroaches
  5 goblins
  7 hobgoblins
  3 jackals (D:1)
  7 kobolds
  8 quokkas
  13 bats
  4 giant newts
  9 rats
93 creatures vanquished.

Vanquished Creatures (collateral kills)
  An adder (D:2)
  An orc (D:4)
2 creatures vanquished.

Vanquished Creatures (others)
  2 bat skeletons
  A giant gecko skeleton (D:3)
  A kobold skeleton (D:3)
  A quokka skeleton (D:3)
5 creatures vanquished.

Grand Total: 100 creatures vanquished

Notes
Turn   | Place    | Note
--------------------------------------------------------------
     0 | D:1      | Psiweapon, the Vine Stalker Monk, began the quest for the Orb.
     0 | D:1      | Reached XP level 1. HP: 11/11 MP: 1/1
   100 | D:1      | Reached XP level 2. HP: 10/16 MP: 3/3
   370 | D:1      | Reached XP level 3. HP: 19/19 MP: 4/4
   481 | D:1      | Reached skill level 5 in Unarmed Combat
   912 | D:2      | Found an iron altar of Okawaru.
   914 | D:2      | Found an ancient bone altar of Kikubaaqudgha.
   922 | D:2      | Reached XP level 4. HP: 16/23 MP: 5/5
   963 | D:2      | Became a worshipper of Kikubaaqudgha
   963 | D:2      | Acquired Kikubaaqudgha's first power
   963 | D:2      | Received a gift from Kikubaaqudgha
   963 | D:2      | Acquired Kikubaaqudgha's second power
   964 | D:2      | Identified Kikubaaqudgha's Tome of Evil (Kikubaaqudgha gifted it to you on level 2 of the Dungeon)
   967 | D:2      | Learned a level 1 spell: Animate Skeleton
  1045 | D:2      | Found a white marble altar of Elyvilon.
  1067 | D:2      | Reached skill level 1 in Necromancy
  1547 | D:3      | Reached XP level 5. HP: 19/27 MP: 7/7
  1680 | D:3      | Received a gift from Kikubaaqudgha
  1683 | D:3      | Identified Kikubaaqudgha's Disquisition on Black Secrets (Kikubaaqudgha gifted it to you on level 3 of the Dungeon)
  2398 | D:4      | HP: 1/27 [something/magic dart (8)]
  2399 | D:4      | Succumbed to an orc wizard's poison

Action                   |  1- 3 |  4- 6 || total
-------------------------+-------+-------++-------
Melee: Unarmed           |   102 |   184 ||   286
 Cast: Animate Skeleton  |       |    18 ||    18
  Use: Scroll            |       |     6 ||     6
 Stab: Sleeping          |     7 |     3 ||    10
